 Dungeon Crawl Stone Soup version 0.27.0-66-gdc8fb28755 (webtiles) character file.

Game seed: 17087907245089729494

238 Thatpatchoflichen the Insei (level 5, -2/45 HPs)
             Began as a Draconian Transmuter on Aug 20, 2021.
             Was a Plaything of Xom.
             Slain by an orc (9 damage)
             ... on level 4 of the Dungeon.
             The game lasted 00:10:05 (3895 turns).

Thatpatchoflichen the Insei (Draconian Transmuter)  Turns: 3895, Time: 00:10:06

Health: -2/45      AC:  5    Str: 12      XL:     5   Next: 78%
Magic:  6/10       EV: 12    Int: 12 (14) God:    Xom [...*..]
Gold:   83         SH:  5    Dex: 12      Spells: 6/10 levels left

rFire    . . .     SeeInvis .     - Unarmed
rCold    . . .     Faith    .   (no shield)
rNeg     . . .     Spirit   .   (armour unavailable)
rPois    .         Reflect  +   (helmet currently unavailable)
rElec    .         Harm     .   (no cloak)
rCorr    .         Rampage  .   (no gloves)
Will     .....                  (boots currently unavailable)
Stlth    +.........             g - amulet of reflection
HPRegen  0.15/turn              (no ring)
MPRegen  0.12/turn              (no ring)

@: appendages, wereblooded, very slightly contaminated
A: horns 2, AC +5, unfitting armour, cold-blooded, hooves 1, deterioration 1
a: End Transformation, Renounce Religion


You were on level 4 of the Dungeon.
You worshipped Xom.
You were a favourite toy of Xom.
You had temporarily grown beastly horns.
You visited 1 branch of the dungeon, and saw 4 of its levels.

You collected 83 gold pieces.

Inventory:

Missiles
 a - 24 poisoned darts
 b - 137 stones
 e - 4 boomerangs
Armour
 l - a +0 pair of boots of flying (melded)
Jewellery
 g - an amulet of reflection (around neck)
Wands
 k - a wand of flame (12)
Scrolls
 d - a scroll of identify {unknown}
 h - a scroll of fear {unknown}
 i - a scroll of amnesia {unknown}
 j - a scroll of fog {unknown}
 n - a scroll of noise {unknown}
 o - a scroll of magic mapping {unknown}
 p - a scroll of brand weapon {unknown}
 q - a scroll of enchant armour {unknown}
Potions
 c - 3 potions of mutation {unknown}
 f - a potion of flight {unknown}
 m - 2 potions of might {unknown}


   Skills:
 + Level 3.1 Fighting
 - Level 2.0 Dodging
 - Level 4.0 Unarmed Combat
 + Level 3.4 Spellcasting
 + Level 3.4 Transmutations


You had 6 spell levels left.
You knew the following spells:

 Your Spells              Type           Power      Damage    Failure   Level
a - Beastly Appendage     Tmut           20%        N/A       6%          1
b - Wereblood             Tmut           10%        N/A       9%          2
c - Sting                 Tmut/Pois      24%        1d4       12%         1

Your spell library contained the following spells:

 Spells                   Type           Power      Damage    Failure   Level
 Foxfire                  Conj/Fire      8%         2x1d4     24%         1
 Blink                    Tloc           N/A        N/A       34%         2
 Poisonous Vapours        Pois/Air       4%         N/A       34%         2
 Spider Form              Tmut/Pois      3%         N/A       34%         3
 Ignite Poison            Fire/Tmut/Pois 4%         N/A       41%         3
 Conjure Flame            Conj/Fire      2%         6-21      56%         3
 Lesser Beckoning         Tloc           1%         N/A       56%         3
 Ice Form                 Ice/Tmut       6%         N/A       75%         4
 Bolt of Magma            Conj/Fire/Erth 1%         4d4       100%        5
 Manifold Assault         Tloc           2%         N/A       100%        5
 Ignition                 Fire           1%         3d3       100%        8


Dungeon Overview and Level Annotations

Branches:
Dungeon (4/15)
 Temple: D:4-7

Altars:
Qazlal
Xom


Innate Abilities, Weirdness & Mutations

You have temporarily grown beastly horns.
Your plain brown scales are hard. (AC +5)
You cannot fit into any form of body armour.
You are cold-blooded and may be slowed by cold attacks.
You have large cloven feet.
Your body sometimes deteriorates upon taking damage.


Message History

The orc wizard hits you but does no damage.
The orc hits you but does no damage.
You hit the orc wizard but do no damage.
The orc wizard is heavily wounded.
You block the orc's attack. The orc closely misses you.
You block the orc wizard's attack. The orc barely misses you.
You hit the orc wizard.
The orc wizard is severely wounded.
The orc hits you with a +0 morningstar. The orc priest closely misses you.
The orc hits you but does no damage. The orc wizard barely misses you.
The orc hits you but does no damage.
You hit the orc but do no damage. You block the orc's attack.
The orc priest calls down the wrath of Beogh upon you.
Beogh smites you!
Your body deteriorates!
You feel dopey. The orc hits you with a +0 club. The orc wizard misses you.
The orc hits you with a +0 flail.
Your body deteriorates!
You feel dopey.
You hit the orc priest. Your kick misses the orc priest.
Your headbutt misses the orc priest.
The orc priest is lightly wounded.
The orc closely misses you.
The orc priest hits you with a +0 flail.
The orc hits you but does no damage.
The orc wizard points at you and mumbles some strange words.
The puff of flame hits you!
* * * LOW HITPOINT WARNING * * *
You closely miss the orc priest. You kick the orc priest.
You headbutt the orc priest, but do no damage.
The orc priest is moderately wounded.
The orc barely misses you. The orc misses you.
The orc priest hits you with a +0 flail.
* * * LOW HITPOINT WARNING * * *
You block the orc's attack.
You closely miss the orc priest. You kick the orc priest.
The orc priest is heavily wounded.
The orc wizard casts a spell at you. You resist with some effort.
The orc hits you with a +0 flail!
You die...
Xom laughs nastily!

.#
#########.
#........
#.......#
#.......#
##.......#
#....ooo.#
#...@o.#
+....o...#
#####.####
.. ...
#... .#.#
.#..


You could see an orc priest, an orc wizard and 3 orcs.

Vanquished Creatures
  A phantom (D:3)
  Natasha (thrice) (D:2)
  An adder (D:3)
  2 worms (D:2)
  3 dart slugs
  5 orcs (D:3)
  5 ball pythons
  4 bats
  5 endoplasms
  A giant cockroach (D:2)
  3 goblins (D:2)
  4 hobgoblins (D:1)
  10 jackals
  A quokka (D:2)
  4 frilled lizards
  4 kobolds
  6 rats
62 creatures vanquished.

Notes
Turn   | Place    | Note
-------+----------+-------------------------------------------
     0 | D:1      | Thatpatchoflichen the Draconian Transmuter began the quest
                  | for the Orb.
     0 | D:1      | Reached XP level 1. HP: 16/16 MP: 3/3
   223 | D:1      | Found a faded altar of an unknown god.
   234 | D:1      | Reached XP level 2. HP: 19/23 MP: 3/5
   253 | D:1      | Became a worshipper of Xom the Begetter of Discontinuities
   994 | D:1      | Reached XP level 3. HP: 29/29 MP: 4/6
  1048 | D:1      | You fall into a shaft and drop 1 floor!
  1094 | D:2      | XOM: 2-stop teleportation journey
  1620 | D:2      | Noticed Natasha
  1629 | D:2      | Killed Natasha
  1630 | D:2      | Reached XP level 4. HP: 13/36 MP: 5/7
  1718 | D:2      | XOM: god gift: +0 pair of boots of flying
  1810 | D:2      | XOM is BORED!
  2069 | D:2      | Noticed Natasha
  2083 | D:2      | Killed Natasha
  2088 | D:2      | XOM: summons 2 hostile demons
  2128 | D:2      | XOM: silly message
  2275 | D:2      | Noticed Natasha
  2278 | D:2      | XOM: cast spell 'Leda's Liquefaction'
  2284 | D:2      | XOM: summons friendly shadow imp
  2288 | D:2      | Killed Natasha
  2596 | D:3      | XOM: divination: detect items
  2601 | D:3      | XOM: god gift: 18 sling bullets
  2620 | D:3      | Reached XP level 5. HP: 41/42 MP: 9/9
  2624 | D:3      | Noticed a phantom
  2633 | D:3      | XOM: 1-stop teleportation journey
  2811 | D:3      | XOM: confuse monster(s)
  3012 | D:3      | XOM: god gift: Xom's Catalogue of the Onion {god gift}
  3013 | D:3      | Got Xom's Catalogue of the Onion {god gift}
  3018 | D:3      | Learned a level 2 spell: Wereblood
  3020 | D:3      | Learned a level 1 spell: Sting
  3057 | D:3      | XOM: 3-stop teleportation journey
  3161 | D:3      | XOM: enchant monster (good)
  3204 | D:3      | Killed a phantom
  3205 | D:3      | Reached skill level 4 in Unarmed Combat
  3319 | D:3      | XOM: give mutations
  3319 | D:3      | Gained mutation: Your body sometimes deteriorates upon
                  | taking damage. [Xom's mischief]
  3319 | D:3      | Gained mutation: You have sharp toenails. [Xom's mischief]
  3319 | D:3      | Lost mutation: You have sharp toenails. [Xom's mischief]
  3319 | D:3      | Gained mutation: You have large cloven feet. [Xom's
                  | mischief]
  3321 | D:3      | Found a stormy altar of Qazlal.
  3322 | D:3      | Noticed an air elemental
  3325 | D:3      | Noticed a water elemental
  3325 | D:3      | Noticed a fire elemental
  3397 | D:3      | XOM: 2-stop teleportation journey
  3895 | D:4      | Slain by an orc

Illustrated notes

Levels and vault maps discovered:
D:1:      wander_arrival_fairy_ring, layout_basic, basic_ecumenical_altar,
          minmay_misc_feat_five, minmay_misc_feat_x
D:2:      layout_basic, uniq_natasha
D:3:      layout_basic, nicolae_qazlal_style_of_elements
D:4:      layout_loops_cross, serial_shops, nicolae_shop_behind_doors,
          chequers_serial_rivers_micro_c

Skill      XL: |  1  2  3  4  5 |
---------------+----------------+-----
Dodging        | 2 |  2.0
Fighting       | 2 3 |  3.1
Transmutations | 3 |  3.4
Spellcasting   | 3 |  3.4
Unarmed Combat | 4 |  4.0

Action                   |  1- 3 |  4- 6 || total
-------------------------+-------+-------++-------
Melee: Unarmed           |   112 |   101 ||   213
       Kick              |    17 |    23 ||    40
       Headbutt          |    12 |    12 ||    24
       Tailslap          |    13 |    10 ||    23
       Punch             |     3 |     2 ||     5
 Cast: Beastly Appendage |    27 |    16 ||    43
       Wereblood         |       |     1 ||     1
 Stab: Sleeping          |     1 |       ||     1
       Confused          |       |     2 ||     2
Armor: Skin              |    73 |    24 ||    97
Dodge: Dodged            |   138 |    50 ||   188
Block: Other             |    12 |    26 ||    38
